Map: Proxima Station LE

Players

Fumblevore

  • Race: Protoss Protoss
  • League: Diamond
  • Spawn Location: 1:00

Raiden

  • Race: Protoss Protoss
  • League: Grandmaster
  • Spawn Location: 7:00

DankestMemer

  • Race: Terran Terran
  • League: Diamond

GoldenArmada

  • Race: Terran Terran
  • League: Master

VOD

Have the link to the VOD?

Description

Time

  • Played on: Feb. 13, 2017, 7:21 p.m.
  • Length: 7:57
Show
View Real Time Build Order
Export as new Build Order

Fumblevore Protoss 

Build Orders:  

Get SALT Encoding   

  12  0:00  Probe (Chrono Boost)  
  13  0:12  Pylon  
  13  0:18  Probe (Chrono Boost)  
  15  0:28  Probe (Chrono Boost)  
  15  0:36  Gateway  
  15  0:41  Probe (Chrono Boost)  
  16  0:48  Assimilator  
  16  0:53  Probe (Chrono Boost)  
  17  0:59  Assimilator  
  17  1:03  Probe (Chrono Boost)  
  17  1:14  Probe (Chrono Boost)  
  18  1:19  Gateway  
  18  1:26  Probe (Chrono Boost)  
  19  1:44  Cybernetics Core  
  19  1:45  Probe (Chrono Boost)  
  20  1:52  Pylon  
  20  1:56  Probe (Chrono Boost)  
  21  2:06  Probe (Chrono Boost)  
  22  2:17  Probe (Chrono Boost)  
  22  2:20  Stalker  
  22  2:22  Stalker  
  27  2:34  Warp Gate  
  27  2:35  Mothership Core (Chrono Boost)  
  29  2:54  Robotics Facility  
  29  3:02  Probe (Chrono Boost)  
  30  3:11  Gateway  
  30  3:22  Probe (Chrono Boost), Pylon  
  31  3:28  Pylon  
  31  3:39  Stalker x2  
  35  3:41  Observer  
  36  3:59  Warp Prism  
  36  4:00  Stalker  
  40  4:40  Nexus, Stalker x2  
  40  4:41  Sentry  
  46  4:49  Pylon  
  40  5:10  Pylon  
  40  5:13  Stalker x2  
  36  5:34  Stalker  
  36  5:37  Adept  
  36  5:38  Adept  
  27  5:59  Stalker  
  25  6:05  Adept  
  13  6:51  Probe (Chrono Boost)  
  14  6:54  Sentry  
Show
View Real Time Build Order
Export as new Build Order

Raiden Protoss 

Build Orders:  

Get SALT Encoding   

  12  0:01  SCV  
  13  0:13  SCV  
  14  0:19  Supply Depot  
  14  0:42  Barracks  
  14  0:55  Barracks  
  14  1:01  SCV  
  14  1:13  SCV  
  15  1:39  SCV  
  14  1:50  Marine  
  14  1:51  SCV  
  15  2:04  Barracks  
  15  2:06  SCV  
  15  2:08  Marine  
  17  2:27  Marine  
  18  2:32  Supply Depot  
  18  2:34  Orbital Command  
  18  2:36  Marine  
  19  2:39  Barracks  
  19  2:45  Marine  
  20  2:54  Marine  
  21  3:02  Marine  
  21  3:03  Barracks, Marine  
  23  3:12  Marine  
  23  3:20  Marine  
  23  3:21  Marine  
  23  3:26  Marine  
  25  3:30  Marine  
  25  3:38  Marine x2  
  26  3:44  Marine  
  26  3:48  Marine  
  27  3:52  Marine  
  28  3:56  Marine x2  
  28  4:02  Marine  
  29  4:06  Marine  
  30  4:10  Marine  
  30  4:14  Marine x2  
  33  4:19  Marine  
  33  4:23  Marine  
  35  4:29  Marine, Supply Depot  
  36  4:34  Marine  
  36  4:36  Marine  
  37  4:41  Marine  
  37  4:44  Marine  
  39  4:49  Marine  
  40  4:53  Marine  
  40  4:57  Marine  
  40  5:09  Marine  
  40  5:10  Marine  
  40  5:11  Marine  
  37  5:14  Marine  
  37  5:18  Marine  
  35  5:26  Marine  
  35  5:27  Marine  
  36  5:31  Marine  
  36  5:34  Marine  
  33  5:41  Marine  
  34  5:48  Marine  
  33  5:50  Marine  
  19  6:25  Marine  
  16  6:34  Marine  
  16  6:45  Marine  
  16  7:14  Orbital Command  
Show
View Real Time Build Order
Export as new Build Order

DankestMemer Terran 

Build Orders:  

Get SALT Encoding   

Show
View Real Time Build Order
Export as new Build Order

GoldenArmada Terran 

Build Orders:  

Get SALT Encoding   

Tags
 
Add a new tag
Caveats
  • Supply blocks, unpowered buildings, or Contaminate may cause inaccurate times.
  • Supply counts are checked every 10 seconds.